 Dungeon Crawl Stone Soup version 0.31-a0-355-g57cb03d3e8 (webtiles) character file.

Game seed: 4968611922528531338

605 Newt the Changeling (level 7, -1/54 HPs)
             Began as a Merfolk Shapeshifter on July 24, 2023.
             Was an Initiate of Hepliaklqana.
             Slain by a gnoll
             ... wielding a +0 spear
              (5 damage)
             ... on level 5 of the Dungeon.
             The game lasted 00:04:28 (3943 turns).

Newt the Changeling (Merfolk Shapeshifter)          Turns: 3943, Time: 00:04:30

Health: -1/54      AC:  5    Str: 23    XL:     7   Next: 42%
Magic:  7/7        EV: 13    Int:  7    God:    Hepliaklqana [......]
Gold:   156        SH:  0    Dex: 15    Spells: 6/6 levels left

rFire   . . .        n - +0 spear (venom)
rCold   + . .        (no shield)
rNeg    . . .        g - +2 leather armour {rC+}
rPois   .            (helmet currently unavailable)
rElec   .            (cloak currently unavailable)
rCorr   .            (gloves currently unavailable)
SInv    .            (boots currently unavailable)
Will    .....        (no amulet)
Stlth   +            e - +6 ring of strength
HPRegen 0.29/turn    (no ring)
MPRegen 0.10/turn

%: no passive effects
@: beast-form
A: beast (slay +5), (nimble swimmer 2), mertail
a: Begin Untransformation, Renounce Religion


You were on level 5 of the Dungeon.
You worshipped Hepliaklqana.
Hepliaklqana was noncommittal.
You were a hulking beast.
You visited 1 branch of the dungeon, and saw 5 of its levels.

You collected 156 gold pieces.

Inventory:

Hand Weapons
 n - a +0 spear of venom (weapon)
Missiles
 j - 9 boomerangs (quivered)
Armour
 a - a +0 animal skin
 g - a +2 leather armour of cold resistance (worn)
Jewellery
 e - a +6 ring of strength (left hand)
Talismans
 b - a storm talisman
 c - a beast talisman
Scrolls
 d - 2 scrolls of amnesia
 m - a scroll of identify
 p - a scroll of blinking {unknown}
Potions
 f - 2 potions of brilliance {unknown}
 h - a potion of might
 i - a potion of resistance
 k - a potion of attraction {unknown}
 l - a potion of mutation {unknown}
 o - 2 potions of heal wounds {unknown}
 q - a potion of degeneration {unknown}


   Skills:
 - Level 4.0 Fighting
 - Level 4.0 Polearms
 - Level 4.0 Dodging
 - Level 3.2 Unarmed Combat
 + Level 7.3 Shapeshifting


You had 6 spell levels left.
You didn't know any spells.
Your spell library contained the following spells:

 Spells                   Type           Power      Damage    Failure   Level
 Necrotise                Necr           0%         1d4       47%         1
 Cigotuvi's Dreadful Rot  Necr/Pois/Air  0%         N/A       63%         2
 Gell's Gravitas          Tloc           0%         N/A       85%         3
 Teleport Other           Tloc           0%         N/A       85%         3
 Vampiric Draining        Necr           0%         2d6       85%         3
 Dispel Undead            Necr           0%         3d6       99%         4
 Agony                    Necr           0%         N/A       100%        5
 Death Channel            Necr           0%         N/A       100%        6
 Dispersal                Tloc           0%         N/A       100%        6


Dungeon Overview and Level Annotations

Branches:
Dungeon (5/15)
 Temple: D:4-7

Altars:
Hepliaklqana
Trog
Uskayaw

Shops:
D:3 =


Innate Abilities, Weirdness & Mutations

You are a hulking beast.
Your limbs bulge with bestial killing power. (Slay +5)
((You are very nimble when in or above water. (Stealth+, EV+, Speed+++)))
Your lower body shifts to a powerful aquatic tail in water.


Message History

The hound bites you. The gnoll closely misses you.
Unknown command.
The hound attacks as you move away! The hound bites you but does no damage.
The hound pauses to sniff the ground.
The hound bites you.
You puncture the hound!
You kill the hound!
You closely miss the gnoll. The gnoll hits you but does no damage.
The gnoll hits you from afar with a +0 spear.
Reach: n) +0 spear (venom)
Press: ? - help, Dir - move target, f - gnoll
Aim: a gnoll, wielding a +0 spear (about 27% to evade your +0 spear of venom)
The gnoll is in the way.
You closely miss the gnoll.
Unknown command.
Unknown command.
Reach: n) +0 spear (venom)
Press: ? - help, Dir - move target, f/p - gnoll
Aim: a gnoll, wielding a +0 spear (about 27% to evade your +0 spear of venom)
You reach to attack!
You hit the gnoll.
The gnoll is heavily wounded.
The gnoll hits you from afar with a +0 spear!
The gnoll completely misses you.
Reach: n) +0 spear (venom)
Press: ? - help, Dir - move target, f/p - gnoll
Aim: a gnoll, wielding a +0 spear (heavily wounded, about 27% to evade your +0 spear of venom)
You reach to attack!
You hit the gnoll.
The gnoll is poisoned.
The gnoll is heavily wounded.
The gnoll hits you from afar with a +0 spear!
* * * LOW HITPOINT WARNING * * *
The gnoll hits you with a +0 club!
* * * LOW HITPOINT WARNING * * *
The shadow imp shouts, "Embrace thy dedition, thou villainous moldwarp giglet!"
Unknown command.
Reach: n) +0 spear (venom)
Press: ? - help, Dir - move target, f/p - gnoll
Aim: a gnoll, wielding a +0 spear (heavily wounded, poisoned, about 27% to evade your +0 spear of venom)
The gnoll is in the way.
You hit the gnoll.
The gnoll is poisoned.
The gnoll is heavily wounded.
The gnoll hits you from afar with a +0 spear.
You die...

#####.# ..####.....#
..##.......# #+#
........##.# #...
#.#####.##.# '##)..
#....##.##.#
......###.##.##.####
.........5##g##.####
.........gY.ggh....#
#.....!...#####.##.#
...<......# #....#
#5#.......# ####.#
#.......# #.#
.........# #.#
#.###.###.# #.# . ..
... #.# ### #.## #.#


You could see an ice beast, 4 gnolls and a shadow imp.

Vanquished Creatures
  A black bear (D:4)
  An ogre (D:4)
  A scorpion (D:4)
  A howler monkey (D:5)
  A hound (D:5)
  An orc priest (D:3)
  A jelly (D:5)
  An iguana (D:4)
  2 orc wizards
  7 adders
  2 worms
  3 dart slugs
  6 orcs
  4 ball pythons
  6 endoplasms
  4 giant cockroaches
  11 goblins
  7 hobgoblins
  7 jackals
  4 kobolds
  5 quokkas
  5 bats
  4 frilled lizards
  6 rats
  A spectral hobgoblin (D:4)
92 creatures vanquished.

Vanquished Creatures (others)
  A wizard (D:3)
  A frilled lizard (D:2)
2 creatures vanquished.

Grand Total: 94 creatures vanquished

Notes
Turn   | Place    | Note
-------+----------+-------------------------------------------
     0 | D:1      | Newt the Merfolk Shapeshifter began the quest for the Orb.
     0 | D:1      | Reached XP level 1. HP: 15/15 MP: 1/1
    77 | D:1      | Reached XP level 2. HP: 22/22 MP: 2/2
   272 | D:1      | Reached XP level 3. HP: 6/29 MP: 3/3
   583 | D:1      | Found a faded altar of an unknown god.
  1274 | D:2      | Reached XP level 4. HP: 37/37 MP: 4/4
  1961 | D:3      | Reached XP level 5. HP: 18/42 MP: 5/5
  1974 | D:3      | Reached skill level 5 in Shapeshifting
  2270 | D:3      | Found Arha's Jewellery Shoppe.
  2458 | D:3      | Found a bloodstained altar of Trog.
  2507 | D:3      | Noticed a wizard
  2510 | D:3      | Killed a wizard
  2768 | D:4      | Reached skill level 6 in Shapeshifting
  2768 | D:4      | Reached XP level 6. HP: 41/48 MP: 6/6
  2884 | D:4      | Found a hide-covered altar of Uskayaw.
  3097 | D:4      | Reached skill level 7 in Shapeshifting
  3273 | D:4      | Noticed a black bear
  3283 | D:4      | Killed a black bear
  3284 | D:4      | Reached XP level 7. HP: 45/54 MP: 7/7
  3622 | D:4      | Found a hazy altar of Hepliaklqana.
  3634 | D:4      | Became a worshipper of Hepliaklqana the Forgotten
  3659 | D:5      | Entered Level 5 of the Dungeon
  3943 | D:5      | Slain by a gnoll

Illustrated notes

Levels and vault maps discovered:
D:1:      roderic_crossed_star, layout_rooms, dreamdust_ecumenical_altar_statues
D:2:      layout_basic, lemuel_flame_loot_1
D:3:      layout_basic, trog_wizard, serial_shops, nicolae_shop_peninsula
D:4:      layout_basic, eat_drink_and_be_merry_uskayaw,
          nicolae_hepliaklqana_monster_ancestors, hangedman_decor_points
D:5:      nicolae_cairo_tiling_large, layout_basic,
          mainiacjoe_overflow_concentric_impassable

Skill      XL: |  1  2  3  4  5  6  7 |
---------------+----------------------+-----
Fighting       | 2 3 4 |  4.0
Dodging        | 3 4 |  4.0
Shapeshifting  | 6 7 |  7.3
Polearms       | 3 4 |  4.0
Unarmed Combat | |  3.2

Action                     |  1- 3 |  4- 6 |  7- 9 || total
---------------------------+-------+-------+-------++-------
  Melee: Unarmed           |    99 |    91 |       ||   190
         Punch             |     1 |       |       ||     1
         Spear             |       |    44 |    46 ||    90
  Throw: Boomerang         |       |     4 |       ||     4
    Use: Potion            |     1 |     1 |       ||     2
         Scroll            |     5 |     5 |       ||    10
   Stab: Sleeping          |       |     1 |       ||     1
 Armour: Animal skin       |     2 |       |       ||     2
         Leather armour    |    35 |    34 |    10 ||    79
         Skin              |    10 |       |       ||    10
  Dodge: Dodged            |    80 |    73 |    23 ||   176

Table legend: (Time is in decaauts)
 A = Elapsed time spent in this place.
 B = Non-inter-level travel time spent in this place.
 C = Inter-level travel time spent in this place.
 D = Time resting spent in this place.
 E = Time spent auto-exploring this place.
 F = Levels seen in this place.
 G = Mean time per level.
                   A        B        C        D        E       F      G
               +--------+--------+--------+--------+--------+-----+--------+
         Total |   3929 |   3867 |     62 |    762 |   2466 |   5 |  785.8 |
       Dungeon |   3929 |   3867 |     62 |    762 |   2466 |   5 |  785.8 |
               +--------+--------+--------+--------+--------+-----+--------+

Top non-repeatable levels by time:
     D:4: 1131 daAuts
     D:2: 884 daAuts
     D:3: 874 daAuts
     D:1: 758 daAuts
     D:5: 281 daAuts
